 Dungeon Crawl Stone Soup version 0.31.0-11-ge490571c62 (webtiles) character file.

Game seed: 9500134217855926022

176 Killerpretzel the Changeling (level 5, -2/34 HPs)
             Began as an Octopode Shapeshifter on Feb 10, 2024.
             Slain by a lemure (6 damage)
             ... led by Pikel
             ... on level 4 of the Dungeon.
             The game lasted 00:06:45 (3259 turns).

Killerpretzel the Changeling (OpSh)                 Turns: 3259, Time: 00:06:46

Health: -2/34      AC:  1    Str: 13    XL:     5   Next: 56%
Magic:  5/5        EV: 14    Int: 13    God:
Gold:   195        SH:  0    Dex: 19    Spells: 4/4 levels left

rFire   . .          .
                       - Unarmed
rCold   . . .        (no shield)
rNeg    . . .        (helmet currently unavailable)
rPois   .            l - amulet of faith
rElec   .            i - +6 ring of dexterity
rCorr   .            (no ring)
SInv    .            (no ring)
Will    .....        (no ring)
Stlth   +++          (no ring)
HPRegen 0.25/turn    (no ring)
MPRegen 0.09/turn    (no ring)
                     (no ring)

%: faith
@: beast-form
A: beast (slay +2), almost no armour, amphibious, 8 rings, camouflage 1,
gelatinous body 1, (nimble swimmer 1), tentacles
a: Begin Untransformation


You were on level 4 of the Dungeon.
You were a hulking beast.
You visited 1 branch of the dungeon, and saw 4 of its levels.

You collected 195 gold pieces.

Inventory:

Missiles
 f - 2 boomerangs (quivered)
Jewellery
 i - a +6 ring of dexterity (left tentacle)
 j - a ring of fire
 l - an amulet of faith (around mantle)
 o - a ring of fire
 q - an amulet of magic regeneration
Talismans
 b - a beast talisman
 c - a flux talisman
Scrolls
 m - a scroll of immolation
 r - a scroll of amnesia {unknown}
Potions
 a - 2 potions of lignification
 d - a potion of enlightenment
 e - a potion of resistance
 g - 2 potions of might
 h - a potion of heal wounds
 k - a potion of berserk rage {unknown}
 n - a potion of haste {unknown}
 p - a potion of ambrosia {unknown}
 s - a potion of mutation {unknown}


   Skills:
 + Level 2.3 Fighting
 + Level 3.1 Dodging
 + Level 3.7 Unarmed Combat
 * Level 4.2 Shapeshifting


You had 4 spell levels left.
You didn't know any spells.
Your spell library contained the following spells:

 Spells                   Type           Power      Damage    Failure   Level
 Magic Dart               Conj           0%         1d3       30%         1


Dungeon Overview and Level Annotations

Branches:
Dungeon (4/15)
 Temple: D:4-7

Altars:
Yredelemnul

Shops:
D:1 :

Annotations:
D:4 Pikel


Innate Abilities, Weirdness & Mutations

You are a hulking beast.
Your limbs bulge with bestial killing power. (Slay +2)
You cannot wear most types of armour.
You are amphibious.
You can wear up to eight rings at the same time.
Your skin changes colour to match your surroundings (Stealth+).
Your rubbery body absorbs attacks. (AC +1, EV +1)
((You are camouflaged when in or above water. (Stealth+)))
You have tentacles for arms and can constrict up to eight enemies at once.


Message History

No target in view!
No target in view!
s - a black potion No target in view!
No target in view!
No target in view!
No target in view!
No target in view!
No target in view!
No target in view!
No target in view!
No target in view!
No target in view!
A lemure comes into view.
Pikel, Merchant of Souls comes into view.
He is wielding a +1 whip of flaming.
Pikel shouts!
You hear a shout!
A lemure comes into view.
You hear a shout! 2 lemures come into view.
The lemure moves out of view.
You closely miss the lemure. Your grab misses the lemure.
The lemure barely misses you.
The lemure shouts!
You tentacle-slap the lemure but do no damage.
Your grab misses the lemure. The lemure hits you but does no damage.
You completely miss the lemure. Your grab misses the lemure.
The lemure hits you. The lemure hits you!
You closely miss the lemure. You grab the lemure. You constrict the lemure.
The lemure hits you. The lemure closely misses you.
Pikel hits you with a +1 whip of flaming!
* * * LOW HITPOINT WARNING * * *
Pikel burns you.
* * * LOW HITPOINT WARNING * * *
You are too injured to fight recklessly!
You are too injured to fight recklessly!
You are too injured to fight recklessly!
There are monsters nearby!
You release your grip on the lemure.
The lemure attacks as it pursues you! The lemure hits you.
You die...

#......#
#.###. #
#......#
#.#... +.
#.?....#
#.##..
#.#...5..#
#.##..
#........#
#.##..
#..?.K5.#
#.##..
#....###
#.##..
####.5.#
#.##..
###h##
#.###.
#..###
#.....
##...##
#####.
###..## #.
##..## #.
##..# #.
##.## #.
#..# #.
##.##
#####.


You could see Pikel and a lemure.

Vanquished Creatures
  2 orc priests (D:4)
  Robin (D:2)
  3 adders (D:2)
  A ribbon worm (D:2)
  2 dart slugs
  2 orcs
  5 endoplasms
  2 giant cockroaches (D:2)
  16 goblins
  6 hobgoblins
  3 quokkas
  4 ball pythons
  3 bats
  3 frilled lizards
  10 kobolds
  5 rats (D:1)
68 creatures vanquished.

Notes
Turn   | Place    | Note
-------+----------+-------------------------------------------
     0 | D:1      | Killerpretzel the Octopode Shapeshifter began the quest for
                  | the Orb.
     0 | D:1      | Reached XP level 1. HP: 13/13 MP: 1/1
    92 | D:1      | Reached XP level 2. HP: 18/18 MP: 2/2
   449 | D:1      | Found Zosiar's Book Boutique.
   925 | D:2      | Reached XP level 3. HP: 18/23 MP: 3/3
  1002 | D:2      | Noticed Robin
  1041 | D:2      | Killed Robin
  1044 | D:2      | Reached XP level 4. HP: 14/29 MP: 4/4
  1198 | D:2      | Found a basalt altar of Yredelemnul.
  1477 | D:2      | Found a faded altar of an unknown god.
  1517 | D:2      | Got Plato's Annotations on the Fifth Circle
  2905 | D:4      | Reached skill level 4 in Shapeshifting
  2953 | D:4      | Reached XP level 5. HP: 14/34 MP: 5/5
  3250 | D:4      | Noticed a lemure
  3252 | D:4      | Noticed Pikel
  3252 | D:4      | Noticed a lemure
  3253 | D:4      | Noticed a lemure
  3253 | D:4      | Noticed a lemure
  3259 | D:4      | Slain by a lemure

Illustrated notes

Levels and vault maps discovered:
D:1:      tarquinn_simple_flora_water_c, layout_loops_cross, serial_shops,
          nicolae_shop_real_fake_doors
D:2:      layout_basic, shapermc_ecumenical_altar_rom_forum, basic_altar,
          dreamdust_princess_bridge, uniq_robin
D:3:      layout_basic
D:4:      layout_basic, marbit_many_paths, ebering_ghost_sewer_f,
          minmay_between, uniq_pikel, uniq_menkaure

Skill      XL: |  1  2  3  4  5 |
---------------+----------------+-----
Fighting       | 2 |  2.3
Shapeshifting  | 4 |  4.2
Dodging        | 3 |  3.1
Unarmed Combat | |  3.7

Action                     |  1- 3 |  4- 6 || total
---------------------------+-------+-------++-------
  Melee: Unarmed           |    61 |    68 ||   129
         Tentacles         |     9 |    15 ||    24
         Constrict         |    12 |    23 ||    35
         Punch             |     2 |     6 ||     8
    Use: Scroll            |     3 |     7 ||    10
   Stab: Sleeping          |     1 |    12 ||    13
         Distracted        |       |     1 ||     1
 Armour: Skin              |    23 |    23 ||    46
  Dodge: Dodged            |    31 |    26 ||    57
